 Dungeon Crawl Stone Soup version 0.19.1 (webtiles) character file.

247 ChaseSP the Cleaver (level 6, 0/51 HPs)
             Began as a Hill Orc Fighter on Nov 30, 2016.
             Slain by a phantom (1 damage)
             ... on level 4 of the Dungeon.
             The game lasted 00:04:36 (2268 turns).

ChaseSP the Cleaver (Hill Orc Fighter)              Turns: 2268, Time: 00:04:37

Health: 0/51       AC:  5    Str: 24    XL:     6   Next: 11%
Magic:  15/15      EV:  8    Int:  8    God:
Gold:   242        SH:  9    Dex: 12    Spells: 0 memorised, 5 levels left

rFire  . . .     SeeInvis .     a - +0 war axe
rCold  . . .     Gourm    .     k - +0 ring mail (curse)
rNeg   + . .     Faith    .     c - +0 shield
rPois  .         Spirit   .     (no helmet)
rElec  .         Reflect  .     (no cloak)
rCorr  .         Harm     .     (no gloves)
MR     .....                    (no boots)
Stlth  +.........               (no amulet)
                                n - ring of magical power
                                g - ring of positive energy

@: mighty
A: no striking features
a: no special abilities


You were on level 4 of the Dungeon.
You were not hungry.

You visited 1 branch of the dungeon, and saw 4 of its levels.

You collected 242 gold pieces.

Inventory:

Hand Weapons
 a - a +0 war axe (weapon)
Armour
 b - a +0 scale mail
 c - a +0 shield (worn)
 k - a cursed +0 ring mail (worn)
 s - a +0 chain mail
Jewellery
 g - a ring of positive energy (left hand)
 j - an uncursed ring of positive energy
 n - a ring of magical power (right hand)
Scrolls
 i - 6 scrolls of identify
 l - a scroll of fog
 r - a scroll of recharging
Potions
 q - a potion of curing {unknown}
Comestibles
 f - 6 bread rations
 h - 3 beef jerkies
 m - 2 meat rations
 o - 10 fruits
 p - a slice of pizza


   Skills:
 - Level 3.6 Fighting
 + Level 8.2 Axes
 - Level 3.2 Armour
 - Level 3.2 Shields


You had 5 spell levels left.
You didn't know any spells.

Dungeon Overview and Level Annotations

Branches:
Dungeon (4/15)
 Temple: D:4-7

Altars:
Fedhas


Message History

Unknown command.
You slice the adder!!
You kill the adder!
You closely miss the phantom. You block the phantom's attack.
You closely miss the phantom. You block the phantom's attack.
You slash the phantom!
The phantom is moderately damaged.
The phantom hits you but does no damage.
You barely miss the phantom.
The phantom is moderately damaged.
You feel less exhausted. You block the phantom's attack.
You hit the phantom.
The phantom is heavily damaged.
You block the phantom's attack. The phantom hits you.
* * * LOW HITPOINT WARNING * * *
Your shield prevents you from hitting the phantom.
The phantom is moderately damaged.
The phantom hits you.
You die...

######### .....
..).....# ...>. .
..)<....# #...# ..
..).)...# #...#####...
........# #...#.......
........# #...#.......
....<...#####...#.......
....(.....[....W@.......
........................
..................[.....
........................
...................####.
#######...)........#
#............#
#............#
#............#


You could see a phantom.

Vanquished Creatures
  A howler monkey (D:4)
  2 hounds (D:4)
  A worker ant (D:4)
  2 adders
  An ooze (D:2)
  3 worms
  4 dart slugs
  3 leopard geckos
  5 orcs (D:4)
  A ball python (D:1)
  10 bats
  7 giant cockroaches
  7 goblins
  9 hobgoblins
  3 jackals (D:2)
  10 kobolds
  A quokka (D:2)
  3 frilled lizards
  8 rats
81 creatures vanquished.

Notes
Turn   | Place    | Note
-------+----------+-------------------------------------------
     0 | D:1      | ChaseSP the Hill Orc Fighter began the quest for the Orb.
     0 | D:1      | Reached XP level 1. HP: 19/19 MP: 1/1
     6 | D:1      | Reached skill level 3 in Axes
    60 | D:1      | Reached XP level 2. HP: 24/26 MP: 2/2
   169 | D:1      | Reached skill level 4 in Axes
   408 | D:1      | Reached XP level 3. HP: 31/31 MP: 3/3
   699 | D:1      | Reached skill level 5 in Axes
  1193 | D:2      | Reached XP level 4. HP: 39/39 MP: 4/4
  1231 | D:2      | Found a blossoming altar of Fedhas.
  1500 | D:3      | Reached skill level 6 in Axes
  2066 | D:4      | Reached skill level 7 in Axes
  2066 | D:4      | Reached XP level 5. HP: 32/45 MP: 5/5
  2240 | D:4      | Reached skill level 8 in Axes
  2240 | D:4      | Reached XP level 6. HP: 12/51 MP: 6/6
  2256 | D:4      | Noticed a phantom
  2267 | D:4      | HP: 1/51 [phantom (5)]
  2268 | D:4      | Slain by a phantom

Skill      XL: |  1  2  3  4  5 |
---------------+----------------+-----
Axes           | 3 4 5 7 8 |  8.2
Fighting       | |  3.6
Armour         | |  3.2
Shields        | |  3.2

Action                   |  1- 3 |  4- 6 || total
-------------------------+-------+-------++-------
Melee: War axe           |   121 |   108 ||   229
  Use: Scroll            |     5 |       ||     5
       Potion            |       |     2 ||     2
  Eat: Chunk             |     1 |     4 ||     5
Armor: Scale mail        |    38 |       ||    38
       Ring mail         |     5 |    30 ||    35
Dodge: Dodged            |    34 |    36 ||    70
Block: Shield            |    60 |    50 ||   110
